AoeStats
← Chicle

Nomad

507105708Analyzed
4v4 RM · 15d ago on Sep 16, 2026· 63m 2s· 8 players
Game mode
Random Map
Map size
231×231
Population
200
Speed
Normal
Resources
Standard
Victory
Conquest
Starting age
Dark Age
Ending age
Imperial Age
RankedLock teamsTeams togetherTeam positionsShared explorationLock speedFull tech treeHidden civsTurbo modeCheats
Victory
Defeat
🇺🇸 Mongols · United States
1278
+13
🇲🇽 Malay · Mexico
1248
+14
🇩🇪 Saracens · Germany
1247
+14
🇫🇷 Persians · France
1174
+17
🇺🇾 Vietnamese · Uruguay
1223
-15
🇦🇷 Malay · Argentina
1220
-15
🇪🇸 Chinese · Spain
1199
-14
🇪🇸 Inca · Spain
1193
-14
ML16798
3:47 Loom
15:08 Feudal Age
14:42 Town Watch
15:23 Double-Bit Axe
15:24 Fishing Lines
17:40 Arson
23:35 Castle Age
21:41 Stone Mining
22:08 Gold Mining
23:24 Squires
23:51 Town Patrol
29:55 Wheelbarrow
29:50 Fletching
32:35 Bow Saw
36:00 Forging
37:22 Gold Shaft Mining
38:06 Hand Cart
41:21 Imperial Age
41:32 Conscription
42:47 Stone Shaft Mining
43:53 Iron Casting
43:42 Ballistics
45:11 Masonry
46:10 Horse Collar
49:09 Gillnets
50:06 Guilds
54:56 Chemistry
53:59 Heavy Plow
53:24 Man-at-Arms
54:11 Long Swordsman
57:07 Forced Levy
56:43 Two-Handed Swordsman
M.Gallego
6:27 Loom
15:22 Feudal Age
19:18 Castle Age
17:02 Champi Runner
19:11 Forging
19:01 Scale Mail Armor
19:48 Arson
20:10 Champi Warrior
21:33 Squires
22:56 Iron Casting
22:43 Town Watch
24:19 Chain Mail Armor
26:36 Double-Bit Axe
33:05 Coinage
41:28 Imperial Age
39:27 Ballistics
39:29 Bow Saw
39:57 Wheelbarrow
39:31 Crossbowman
40:17 Thumb Ring
41:40 Town Patrol
41:59 Fletching
42:42 Bodkin Arrow
42:27 Arbalester
44:10 Chemistry
43:36 Horse Collar
45:50 Sanctity
45:50 Block Printing
46:03 Bracer
46:04 Padded Archer Armor
47:52 Leather Archer Armor
50:13 Elite Champi Warrior
56:22 Conscription
58:39 Masonry
62:07 Ring Archer Armor
Jota
3:30 Loom
14:44 Feudal Age
18:42 Castle Age
16:30 Fishing Lines
17:51 Double-Bit Axe
19:45 Bow Saw
20:55 Gillnets
23:41 Wheelbarrow
23:50 Fletching
25:44 Bodkin Arrow
27:08 Padded Archer Armor
28:50 Hand Cart
29:34 Leather Archer Armor
31:43 Ballistics
34:47 Imperial Age
33:58 Gold Mining
34:07 Stone Mining
34:27 Great Wall
35:23 Gold Shaft Mining
36:32 Chemistry
35:39 Bracer
36:40 Ring Archer Armor
38:59 Stone Shaft Mining
40:03 Murder Holes
40:46 Conscription
40:07 Elite Chu Ko Nu
47:41 Rocketry
Chicle
3:59 Loom
12:46 Feudal Age
13:18 Double-Bit Axe
23:55 Castle Age
22:19 Fletching
22:30 Padded Archer Armor
22:16 Horse Collar
25:09 Bow Saw
25:01 Bodkin Arrow
25:26 Crossbowman
28:06 Thumb Ring
29:44 Leather Archer Armor
42:54 Imperial Age
41:01 Wheelbarrow
43:35 Bracer
42:57 Arbalester
44:06 Ballistics
45:51 Chemistry
46:20 Ring Archer Armor
46:47 Hand Cart
49:01 Town Watch
53:00 Elite Skirmisher
53:44 Imperial Skirmisher
56:03 Sappers
Infuze_Sigma
3:07 Loom
14:46 Feudal Age
16:35 Double-Bit Axe
19:06 Castle Age
19:42 Bow Saw
21:55 Wheelbarrow
21:08 Horse Collar
28:42 Scale Barding Armor
42:11 Imperial Age
41:19 Crossbowman
42:07 Thumb Ring
42:28 Heavy Plow
43:04 Ballistics
42:53 Kamandaran
43:08 Gold Mining
45:01 Chemistry
45:06 Fletching
45:17 Padded Archer Armor
47:49 Bodkin Arrow
48:09 Leather Archer Armor
47:56 Elite Skirmisher
51:25 Ring Archer Armor
bailey
8:39 Loom
13:06 Feudal Age
17:25 Castle Age
16:52 Double-Bit Axe
18:10 Fletching
20:44 Bodkin Arrow
25:24 Bow Saw
26:00 Nomads
27:31 Husbandry
28:47 Padded Archer Armor
29:41 Bloodlines
35:00 Murder Holes
36:24 Ballistics
38:36 Padded Archer Armor
39:23 Masonry
41:47 Gold Mining
41:38 Horse Collar
44:52 Imperial Age
44:08 Leather Archer Armor
44:20 Light Cavalry
45:59 Conscription
45:08 Hussar
46:44 Parthian Tactics
47:12 Bracer
47:18 Scale Barding Armor
48:10 Forging
48:27 Thumb Ring
50:50 Chemistry
49:43 Onager
49:55 Capped Ram
50:19 Elite Mangudai
52:16 Chain Barding Armor
54:02 Caravan
54:35 Drill
53:50 Siege Ram
57:16 Hoardings
56:50 Siege Engineers
57:34 Iron Casting
57:47 Heavy Plow
58:24 Gold Shaft Mining
57:40 Stone Mining
59:20 Blast Furnace
60:02 Stone Shaft Mining
nikias.marquardt
14:45 Feudal Age
14:48 Loom
18:40 Castle Age
17:49 Double-Bit Axe
20:44 Horse Collar
23:37 Bow Saw
29:56 Scale Barding Armor
30:03 Forging
30:11 Bloodlines
36:24 Chain Barding Armor
36:40 Iron Casting
39:32 Husbandry
43:08 Imperial Age
42:30 Wheelbarrow
41:43 Town Watch
42:58 Heavy Plow
43:58 Hand Cart
44:51 Plate Barding Armor
44:39 Conscription
44:44 Elite Mameluke
46:49 Blast Furnace
48:24 Town Patrol
51:39 Capped Ram
52:36 Siege Ram
54:12 Stone Mining
54:19 Gold Mining
54:49 Masonry
55:18 Hoardings
56:42 Light Cavalry
58:31 Hussar
Ezemic
2:55 Loom
14:37 Feudal Age
20:07 Castle Age
20:54 Double-Bit Axe
22:54 Wheelbarrow
22:20 Horse Collar
23:57 Town Watch
28:08 Forging
30:23 Iron Casting
35:33 Imperial Age
34:38 Fletching
35:28 Conscription
43:12 Gold Mining
48:21 Masonry
54:31 Elite Karambit Warrior
59:11 Blast Furnace
Connection lost

Rejoining the realm…

Still unreachable

The connection could not be restored.

Session expired

The server has moved on; the page needs a fresh start.